 Dungeon Sprint DCSS version 0.22.1-2-g9c5b331 (webtiles) character file.

494 diana the Spear-Bearer (level 6, 0/47 HPs)
             Began as a Demonspawn Gladiator on Dec 15, 2018.
             Was a Follower of Hepliaklqana.
             Slain by an anaconda (1 damage)
             ... in the Dungeon (Sprint VII: "The Pits").
             The game lasted 00:03:39 (1093 turns).

diana the Spear-Bearer (Demonspawn Gladiator)       Turns: 1093, Time: 00:03:40

Health: 0/47       AC: 11    Str: 21    XL:     6   Next: 92%
Magic:  6/6        EV: 12    Int:  9    God:    Hepliaklqana [*.....]
Gold:   0          SH:  0    Dex: 15    Spells: 5/5 levels left

rFire    . . .     SeeInvis .   q - +2 trident (pierce)
rCold    + . .     Gourm    .   (no shield)
rNeg     . . .     Faith    .   r - +3 scale mail
rPois    .         Spirit   .   c - +0 helmet
rElec    .         Reflect  .   (no cloak)
rCorr    .         Harm     .   (no gloves)
MR       .....     NoTele   +   (no boots)
Stlth    ..........             (no amulet)
HPRegen  0.15/turn              (no ring)
MPRegen  0.10/turn              (no ring)

@: mighty, constricted
A: reduced essence, hooves 1, cold resistance 1, powered by pain 1, sturdy frame
2
a: Recall Ancestor, Ancestor Identity, Renounce Religion


You were in the Dungeon.
You worshipped Hepliaklqana.
Hepliaklqana was aware of your devotion.
You were hungry.

You visited 1 branch

Inventory:

Hand Weapons
 a - a +0 trident
 l - a +2 trident
 q - a +2 trident of piercing (weapon)
Armour
 b - a +0 leather armour
 c - a +0 helmet (worn)
 r - a +3 scale mail (worn)
 s - a +3 chain mail
Scrolls
 k - a scroll of blinking
 n - 3 scrolls of remove curse
 o - 5 scrolls of amnesia
 p - a scroll of summoning
Potions
 e - 6 potions of curing
 h - a potion of haste
 i - 4 potions of magic
 j - 3 potions of berserk rage
 m - 2 potions of invisibility
Comestibles
 f - 9 rations


   Skills:
 + Level 6.8 Fighting
 * Level 9.0 Polearms
 - Level 2.4 Throwing
 + Level 5.3 Armour
 + Level 7.1 Dodging
 - Level 0.1 Stealth


You had 5 spell levels left.
You didn't know any spells.
Your spell library was empty.

Dungeon Overview and Level Annotations

Branches:
Dungeon (1/1)

Altars:
Ashenzari
Cheibriados
Dithmenos
Elyvilon
Fedhas
Gozag
Hepliaklqana
Kikubaaqudgha
Makhleb
Nemelex Xobeh
Okawaru
Qazlal
Ru
Sif Muna
Trog
Uskayaw
Vehumet
Wu Jian
Xom
Yredelemnul
Zin
The Shining One
Beogh
Jiyva
Lugonu


Innate Abilities, Weirdness & Mutations

You have large cloven feet.
Your flesh is cold resistant. (rC+)
You sometimes gain a little power by taking damage.
Your movements are less encumbered by armour. (ER -4)
Your life essence is reduced to manifest your ancestor. (-10% HP)


Message History

The anaconda bites you!
* * * LOW HITPOINT WARNING * * *
x2 The anaconda constricts you.
The anaconda bites you.
* * * LOW HITPOINT WARNING * * *
x2 The anaconda constricts you.
You hit the anaconda. You kick the anaconda!
The anaconda is almost dead.
The anaconda bites you but does no damage.
* * * LOW HITPOINT WARNING * * *
The anaconda constricts you.
The anaconda bites you but does no damage.
* * * LOW HITPOINT WARNING * * *
The anaconda constricts you.
Throwing (i - inventory)
d - a throwing net (quivered)
Press: ? - help, Shift-Dir - straight line, f/p - anaconda
Aim: an anaconda (severely wounded, constricting you)
You throw a throwing net. The throwing net hits the anaconda.
The anaconda is caught in the net!
The anaconda is severely wounded.
You die...

#)#........##.......#
#'###########.......#
#([.....# #########
#...#...# #...#...#
#.##.##.#+#
#...#...#.+
#...#..R#S#
#.......@.#
###########


You could see the friendly Nozipho the ancestor and an anaconda (caught).

Vanquished Creatures
  A fire bat (D)
  A centaur (D)
  5 wights (D)
  A jelly (D)
  2 river rats (D)
  2 ufetubi (D)
  A worm (D)
  A leopard gecko (D)
  A bat (D)
  A hobgoblin (D)
  4 jackals (D)
  2 kobolds (D)
  A ball python (D)
  A rat (D)
24 creatures vanquished.

Vanquished Creatures (others)
  4 ancestors (D)
4 creatures vanquished.

Grand Total: 28 creatures vanquished

Notes
Turn   | Place    | Note
-------+----------+-------------------------------------------
     0 | D        | diana the Demonspawn Gladiator began the quest for the Orb.
     0 | D        | Reached XP level 1. HP: 16/16 MP: 1/1
    16 | D        | Reached skill level 3 in Polearms
   264 | D        | Found a glowing golden altar of the Shining One.
   264 | D        | Found a glowing silver altar of Zin.
   264 | D        | Found a basalt altar of Yredelemnul.
   264 | D        | Found a shimmering altar of Xom.
   264 | D        | Found an ornate altar of the Wu Jian Council.
   264 | D        | Found a bloodstained altar of Trog.
   264 | D        | Found a deep blue altar of Sif Muna.
   264 | D        | Found a sacrificial altar of Ru.
   264 | D        | Found a stormy altar of Qazlal.
   264 | D        | Found an iron altar of Okawaru.
   264 | D        | Found a sparkling altar of Nemelex Xobeh.
   264 | D        | Found a burning altar of Makhleb.
   264 | D        | Found a viscous altar of Jiyva.
   264 | D        | Found a hazy altar of Hepliaklqana.
   264 | D        | Found an opulent altar of Gozag.
   264 | D        | Found a blossoming altar of Fedhas.
   264 | D        | Found a white marble altar of Elyvilon.
   264 | D        | Found a shadowy altar of Dithmenos.
   264 | D        | Found a snail-covered altar of Cheibriados.
   265 | D        | Found a radiant altar of Vehumet.
   265 | D        | Found a corrupted altar of Lugonu.
   265 | D        | Found a roughly hewn altar of Beogh.
   266 | D        | Found a hide-covered altar of Uskayaw.
   266 | D        | Found an ancient bone altar of Kikubaaqudgha.
   266 | D        | Found a shattered altar of Ashenzari.
   270 | D        | Became a worshipper of Hepliaklqana the Forgotten
   280 | D        | Gained mutation: Your movements are slightly less
                  | encumbered by armour. (ER -2) [demonic ancestry]
   280 | D        | Reached XP level 2. HP: 20/20 MP: 2/2
   285 | D        | Reached skill level 4 in Polearms
   557 | D        | Gained mutation: You have large cloven feet. [demonic
                  | ancestry]
   557 | D        | Reached XP level 3. HP: 19/26 MP: 3/3
   577 | D        | Reached skill level 1 in Armour
   580 | D        | Reached skill level 5 in Polearms
   580 | D        | Gained mutation: Your flesh is cold resistant. (rC+)
                  | [demonic ancestry]
   580 | D        | Reached XP level 4. HP: 15/33 MP: 4/4
   743 | D        | Reached * piety under Hepliaklqana
   820 | D        | Noticed a fire bat
   820 | D        | Noticed a centaur
   829 | D        | Killed a fire bat
   829 | D        | Reached skill level 5 in Fighting
   829 | D        | Reached skill level 7 in Polearms
   829 | D        | Reached skill level 5 in Dodging
   829 | D        | Gained mutation: Your movements are less encumbered by
                  | armour. (ER -4) [demonic ancestry]
   829 | D        | Reached XP level 5. HP: 29/39 MP: 5/5
   848 | D        | Killed a centaur
   848 | D        | Reached skill level 8 in Polearms
   848 | D        | Gained mutation: You sometimes gain a little power by
                  | taking damage. [demonic ancestry]
   848 | D        | Reached XP level 6. HP: 31/46 MP: 6/6
   863 | D        | HP: 2/47 [wight/enchanted great sword (3)]
   874 | D        | Reached skill level 5 in Armour
   880 | D        | Reached skill level 9 in Polearms
  1078 | D        | Noticed an anaconda
  1092 | D        | HP: 2/47 [anaconda (2)]
  1093 | D        | Slain by an anaconda

Skill      XL: |  1  2  3  4  5  6 |
---------------+-------------------+-----
Polearms       | 3 4 5 7 8 9 |  9.0
Dodging        | 3 4 5 6 7 |  7.1
Throwing       | 2 |  2.4
Fighting       | 3 5 6 |  6.8
Armour         | 1 3 4 5 |  5.3
Stealth        | |  0.1

Action                   |  1- 3 |  4- 6 || total
-------------------------+-------+-------++-------
Melee: Trident           |    61 |    67 ||   128
       Kick              |     5 |    18 ||    23
Throw: Throwing net      |       |     3 ||     3
  Use: Potion            |       |     6 ||     6
Armor: Leather armour    |    24 |       ||    24
       Scale mail        |       |    15 ||    15
Dodge: Dodged            |    74 |    37 ||   111
